 Dungeon Crawl Stone Soup version 0.31-a0-232-gb1c03b2570 (webtiles) character file.

Game seed: 16703413039401069843

32 qw the Shooter (level 3, -3/29 HPs)
             Began as a Minotaur Hexslinger on July 7, 2023.
             Slain by a quokka (5 damage)
             ... on level 1 of the Dungeon.
             The game lasted 00:00:14 (267 turns).

qw the Shooter (Minotaur Hexslinger)                 Turns: 267, Time: 00:00:15

Health: -3/29      AC:  2    Str: 12    XL:     3   Next: 10%
Magic:  3/3        EV: 12    Int: 10    God:
Gold:   31         SH:  0    Dex: 14    Spells: 3/4 levels left

rFire   . . .        Y - +1 sling
rCold   . . .        (no shield)
rNeg    . . .        c - +0 robe
rPois   .            (helmet restricted)
rElec   .            (no cloak)
rCorr   .            (no gloves)
SInv    .            (no boots)
Will    .....        (no amulet)
Stlth   +            (no ring)
HPRegen 0.24/turn    (no ring)
MPRegen 0.08/turn

%: no passive effects
@: no status effects
A: horns 2, retaliatory headbutt
a: no special abilities


You were on level 1 of the Dungeon.
You visited 1 branch of the dungeon, and saw 1 of its levels.

You collected 31 gold pieces.


Innate Abilities, Weirdness & Mutations

You have a pair of horns on your head.
You reflexively headbutt those who attack you in melee.


   Skills:
 - Level 2.0 Fighting
 + Level 3.7 Ranged Weapons
 - Level 2.1 Dodging
 - Level 1.0 Spellcasting
 - Level 2.0 Hexes


You had 3 spell levels left.
You knew the following spells:

 Your Spells              Type           Power      Damage    Failure   Level
a - Slow                  Hex            16%        N/A       16%         1

Your spell library contained the following spells:

 Spells                   Type           Power      Damage    Failure   Level
 Inner Flame              Hex/Fire       2%         N/A       56%         3
 Portal Projectile        Hex/Tloc       4%         N/A       56%         3
 Cause Fear               Hex            2%         N/A       83%         4

Inventory:

Hand Weapons
 Y - a +1 sling (weapon)
Armour
 c - a +0 robe (worn)
Potions
 a - 2 potions of resistance {unknown}

Dungeon Overview and Level Annotations

Branches:
Dungeon (1/15)

Altars:


Message History

The ball python is severely wounded.
The bat hits you but does no damage. The ball python completely misses you.
The ball python constricts you. The gnoll barely misses you.
You shoot a sling bullet. The sling bullet hits the ball python.
You kill the ball python!
The bat hits you but does no damage. The bat barely misses you.
The gnoll hits you with a +0 club.
You shoot a sling bullet.
The sling bullet closely misses the gnoll.
The bat hits you but does no damage. The gnoll hits you with a +0 club!
You shoot a sling bullet.
The sling bullet closely misses the gnoll.
The sling bullet hits the bat.
You kill the bat!
The gnoll hits you with a +0 club.
You shoot a sling bullet. The sling bullet hits the gnoll.
The gnoll is lightly wounded.
The gnoll hits you with a +0 club. The endoplasm barely misses you.
You furiously retaliate!
You headbutt the endoplasm!
You kill the endoplasm!
The gnoll closely misses you. You furiously retaliate!
You headbutt the gnoll. You shoot a sling bullet.
The sling bullet hits the gnoll.
You kill the gnoll!
You have reached level 3!
Your experience leads to an increase in your attributes!
Increase (S)trength, (I)ntelligence, or (D)exterity?
You feel agile. x2
You shoot a sling bullet. The sling bullet hits the quokka.
The quokka is heavily wounded.
The quokka barely misses you. x2; You furiously retaliate!
You headbutt the quokka, but do no damage.
You shoot a sling bullet. The sling bullet hits the quokka.
The quokka is almost dead.
The quokka closely misses you.
You shoot a sling bullet.
The sling bullet closely misses the quokka.
The quokka closely misses you. You furiously retaliate!
You headbutt the quokka, but do no damage.
The quokka bites you.
You die...

.~~b~~ ..### ##.####
~.~~~~ .. ..##~PP~~P
.~~~~. .! ##.P~PPP~P7
~.~Pr~7 .#.PP.P~~7~~~~
~..J.~.##.#PPPP~7~7~~PP
..~..b....PPP~77~~PP.##
........%.~P~~~~7PPP...
###.####r...~~777PP~P...
.......@....P~7~~7PP....
###.####..#.PP~~~7PP.P#.
#......P~.~~7~~~.P
#.........~~P7~~~P .
#..7~7.....P.~P~7~ .
#..P~~##.....PP~PP ###.
#..~~P##.#....#PPP
....####..~~~.#..#..####.
.......)...P..##.#..# ##


You could see a quokka.

Vanquished Creatures
  A gnoll (D:1)
  2 bats (D:1)
  3 endoplasms (D:1)
  A giant cockroach (D:1)
  3 goblins (D:1)
  2 hobgoblins (D:1)
  A kobold (D:1)
  2 quokkas (D:1)
  2 ball pythons (D:1)
  3 frilled lizards (D:1)
  2 rats (D:1)
22 creatures vanquished.

Notes
Turn   | Place    | Note
-------+----------+-------------------------------------------
     0 | D:1      | qw the Minotaur Hexslinger began the quest for the Orb.
     0 | D:1      | Reached XP level 1. HP: 16/16 MP: 1/1
     0 | D:1      | 0 ||| qw: Version: 0.3-a-46-gb1f654a
     0 | D:1      | 0 ||| qw: Game counter: 2209
     0 | D:1      | 0 ||| qw: Melee chars always use a shield: true
     0 | D:1      | 0 ||| qw: God list: Okawaru
     0 | D:1      | 0 ||| qw: Allow faded altars: false
     0 | D:1      | 0 ||| qw: Do Orc after clearing Dungeon:15 true
     0 | D:1      | 0 ||| qw: Do second Lair branch before Depths: true
     0 | D:1      | 0 ||| qw: Lair rune preference: random
     0 | D:1      | 0 ||| qw: Goals: Normal
     0 | D:1      | 0 ||| PLANNING D:1-11
    19 | D:1      | Found a faded altar of an unknown god.
    99 | D:1      | Reached skill level 3 in Ranged Weapons
    99 | D:1      | Reached XP level 2. HP: 17/23 MP: 2/2
   148 | D:1      | 148 ||| READING scroll labelled LIMIAC CO NIAK.
   149 | D:1      | 149 ||| DROPPING scroll of poison.
   152 | D:1      | 152 ||| Stepping ~*~*~tactically~*~*~ (water).
   255 | D:1      | 255 ||| Stepping ~*~*~tactically~*~*~ (outnumbered).
   262 | D:1      | HP: 4/24 [gnoll/+0 club (3)]
   263 | D:1      | HP: 1/24 [gnoll/+0 club (4)]
   265 | D:1      | Reached XP level 3. HP: 1/29 MP: 3/3
   267 | D:1      | Slain by a quokka

Levels and vault maps discovered:
D:1:      lightli_arrival_statuegarden, layout_rooms, serial_bayou,
          serial_bayou_pond_b, serial_bayou_ford_a, serial_bayou_lagoon_a,
          serial_bayou_lake_a, serial_bayou_pond_b, serial_bayou_pond_e,
          ebering_ecumenical_altar_webs, minmay_misc_feat_square,
          nicolae_twisty_statue_hallways

Skill      XL: |  1  2 |
---------------+-------+-----
Ranged Weapons | 3 |  3.7
Fighting       | 2 |  2.0
Dodging        | |  2.1
Spellcasting   | |  1.0
Hexes          | |  2.0

Action                     || total
---------------------------++-------
   Fire: Sling             ||    66
    Use: Scroll            ||     1
 Armour: Robe              ||     9
  Dodge: Dodged            ||    25

Table legend:
 A = Non-vault XP
 B = Vault XP
 C = Vault XP percentage of total XP
 D = Non-vault monster count
 E = Vault monster count
 F = Vault count percentage of total count
                 A         B        C        D         E       F
            +---------+---------+-------+---------+---------+-------
      Total |      29 |      18 |  38.3 |      18 |       4 |  18.2
            +---------+---------+-------+---------+---------+-------
        D:1 |      29 |      18 |  38.3 |      18 |       4 |  18.2
            +---------+---------+-------+---------+---------+-------
